 Dungeon Crawl Stone Soup version 0.29-a0-321-gf1c400731a (webtiles) character file.

Game seed: 12259781842574344748

1175 horus123 the Carver (level 8, -7/67 HPs)
             Began as a Merfolk Gladiator on Apr 3, 2022.
             Was an Initiate of Makhleb.
             Mangled by Duvessa
             ... wielding a +0 rapier
              (8 damage)
             ... in the Ecumenical Temple.
             The game lasted 00:10:51 (6227 turns).

horus123 the Carver (Merfolk Gladiator)             Turns: 6227, Time: 00:10:52

Health: -7/67      AC: 11    Str: 21    XL:     8   Next: 41%
Magic:  8/8        EV: 11    Int:  7    God:    Makhleb [......]
Gold:   244        SH:  0    Dex: 17    Spells: 7/7 levels left

rFire   . . .      SeeInvis .   a - +1 long sword
rCold   . . .      Faith    .   (no shield)
rNeg    . . .      Spirit   .   o - +0 scale mail
rPois   .          Reflect  .   r - +0 helmet
rElec   .          Harm     .   m - +2 cloak
rCorr   .          Rampage  .   (no gloves)
Will    .....                   s - +0 pair of boots
Stlth   ..........              j - amulet of the acrobat
HPRegen 0.21/turn               i - +6 ring of strength
MPRegen 0.11/turn               (no ring)

@: no status effects
A: (nimble swimmer 2), mertail
a: Renounce Religion


You were in the Ecumenical Temple.
You worshipped Makhleb.
Makhleb was noncommittal.
You visited 2 branches of the dungeon, and saw 6 of its levels.

You collected 244 gold pieces.

Inventory:

Hand Weapons
 a - a +1 long sword (weapon)
Missiles
 d - 4 throwing nets (quivered)
 e - a javelin
Armour
 m - a +2 cloak (worn)
 o - a +0 scale mail (worn)
 r - a +0 helmet (worn)
 s - a +0 pair of boots (worn)
Jewellery
 i - a +6 ring of strength (left hand)
 j - an amulet of the acrobat (around neck)
Wands
 g - a wand of iceblast (12)
 k - a wand of mindburst (14)
Scrolls
 b - a scroll of immolation {unknown}
Potions
 c - a potion of degeneration
 f - 2 potions of flight
 h - 2 potions of haste
 l - 2 potions of attraction
 n - 3 potions of mutation


   Skills:
 - Level 7.0 Fighting
 + Level 9.9 Long Blades
 - Level 2.0 Throwing
 - Level 4.0 Dodging


You had 7 spell levels left.
You didn't know any spells.
Your spell library contained the following spells:

 Spells                   Type           Power      Damage    Failure   Level
 Magic Dart               Conj           0%         1d3       80%         1
 Sting                    Tmut/Pois      0%         1d3       80%         1
 Call Imp                 Summ           0%         N/A       90%         2
 Poisonous Vapours        Pois/Air       0%         N/A       90%         2
 Mephitic Cloud           Conj/Pois/Air  0%         N/A       99%         3
 Olgreb's Toxic Radiance  Pois           0%         N/A       100%        4
 Freezing Cloud           Conj/Ice/Air   0%         6-21      100%        5
 Simulacrum               Ice/Necr       0%         N/A       100%        6
 Polar Vortex             Ice            0%         N/A       100%        9


Dungeon Overview and Level Annotations

Branches:
Dungeon (5/15)             Temple (1/1) D:5

Altars:
Ashenzari
Cheibriados
Dithmenos
Elyvilon
Fedhas
Gozag
Hepliaklqana
Kikubaaqudgha
Makhleb
Okawaru
Qazlal
Ru
Sif Muna
Trog
Uskayaw
Vehumet
Wu Jian
Xom
Zin
The Shining One

Annotations:
Temple Dowan, Duvessa


Innate Abilities, Weirdness & Mutations

((You are very nimble when in or above water. (Stealth+, EV+, Speed+++)))
Your lower body shifts to a powerful aquatic tail in water.


Message History

Okay, then.
Hit: a) +1 long sword
Press: ? - help, Dir - move target, f - Duvessa
Aim: Duvessa, wielding a +0 rapier and wearing a +0 scale mail (lightly wounded, about 27% to evade your +1 long sword)
Okay, then.
Hit: a) +1 long sword
Press: ? - help, Dir - move target, f - Dowan
Aim: Dowan, wielding a +0 dagger and wearing a +2 robe of positive energy (about 42% to evade your +1 long sword)
Okay, then.
Unknown command.
You barely miss Duvessa.
Duvessa is lightly wounded.
Dowan barely misses you. Duvessa misses you.
You hit Duvessa.
Duvessa is lightly wounded.
You slash Duvessa!
Duvessa is heavily wounded.
Dowan hits you but does no damage. Duvessa hits you with a +0 rapier.
You hit Duvessa.
Duvessa is severely wounded.
Dowan closely misses you. Duvessa hits you with a +0 rapier!
* * * LOW HITPOINT WARNING * * *
You closely miss Duvessa.
Duvessa is severely wounded.
Dowan misses you. Duvessa misses you.
You closely miss Duvessa.
Duvessa is severely wounded.
Dowan hits you but does no damage. Duvessa hits you with a +0 rapier.
* * * LOW HITPOINT WARNING * * *
You slash Duvessa!
Duvessa is almost dead.
Dowan closely misses you. Duvessa hits you with a +0 rapier!
* * * LOW HITPOINT WARNING * * *
You closely miss Duvessa.
Duvessa is almost dead.
Dowan points at you and mumbles some strange words.
The puff of flame hits you!
* * * LOW HITPOINT WARNING * * *
Duvessa hits you with a +0 rapier!
You die...

#.........#...._...#.....##
#..........#.......#......##
##......_....#.....#..._....##
#..._.........#....#.........##
#............#.#...#..........#
#.........###...#..#......_....
##.....####.......##..._........
#..####....#..e....#............
####........#...@...#........####
............#...e...#....####..#
........_...##.......####.....##
...._......#..#...###.........#
#..........#...#.#............#
##.........#....#........._...#
##...._...#.....#...._......##
##......#.......#..........#
##.....#..._....#.........#


You could see Duvessa and Dowan.

Vanquished Creatures
  Sigmund (D:2)
  A wyvern (D:3)
  A black bear (D:4)
  An ice beast (D:3)
  A centaur (D:5)
  A phantom (D:4)
  A howler monkey (D:4)
  2 orc priests (D:4)
  A hound (D:3)
  2 gnoll shamans (D:4)
  An iguana (D:4)
  2 orc wizards (D:4)
  Robin (D:3)
  11 gnolls
  7 adders
  An ufetubus (D:5)
  A worm (D:3)
  6 dart slugs
  3 orcs
  6 ball pythons
  5 bats
  7 endoplasms
  3 giant cockroaches
  15 goblins
  7 hobgoblins
  2 jackals
  A quokka (D:1)
  2 frilled lizards (D:2)
  A kobold (D:4)
  6 rats
100 creatures vanquished.

Notes
Turn   | Place    | Note
-------+----------+-------------------------------------------
     0 | D:1      | horus123 the Merfolk Gladiator began the quest for the Orb.
     0 | D:1      | Reached XP level 1. HP: 16/16 MP: 1/1
   648 | D:1      | Reached XP level 2. HP: 22/23 MP: 2/2
   936 | D:1      | Found a faded altar of an unknown god.
  1230 | D:2      | Reached XP level 3. HP: 30/30 MP: 3/3
  1361 | D:2      | Found a blossoming altar of Fedhas.
  1499 | D:2      | Noticed Sigmund
  1843 | D:2      | Killed Sigmund
  1844 | D:2      | Reached XP level 4. HP: 21/41 MP: 4/4
  1844 | D:2      | Reached XP level 5. HP: 24/47 MP: 5/5
  2289 | D:3      | Reached XP level 6. HP: 50/53 MP: 6/6
  2765 | D:3      | Noticed an ice beast
  2789 | D:3      | Killed an ice beast
  2790 | D:3      | Reached skill level 5 in Long Blades
  2917 | D:3      | Noticed Robin
  2992 | D:3      | Killed Robin
  3408 | D:4      | Reached skill level 6 in Long Blades
  3408 | D:4      | Reached XP level 7. HP: 57/60 MP: 7/7
  3432 | D:4      | Noticed a wyvern
  3627 | D:3      | Killed a wyvern
  3628 | D:3      | Reached skill level 7 in Long Blades
  4557 | D:4      | Reached skill level 8 in Long Blades
  4567 | D:4      | HP: 2/60 [orc wizard/magic dart (8)]
  4569 | D:4      | Reached XP level 8. HP: 3/67 MP: 8/8
  5178 | D:4      | Reached skill level 9 in Long Blades
  5495 | D:4      | Found a shimmering altar of Xom.
  5503 | D:4      | Found a bloodstained altar of Trog.
  5619 | D:5      | Entered Level 5 of the Dungeon
  5741 | D:5      | Found a staircase to the Ecumenical Temple.
  5755 | Temple   | Entered the Ecumenical Temple
  5937 | Temple   | Became a worshipper of Makhleb the Destroyer
  5955 | D:5      | Noticed Duvessa
  5956 | D:5      | Noticed Dowan
  6227 | Temple   | HP: 1/67 [Dowan/puff of flame (7)]
  6227 | Temple   | Mangled by Duvessa

Illustrated notes

Levels and vault maps discovered:
D:1:      saegor_arrival_simple_c, layout_loops_corners, basic_ecumenical_altar
D:2:      layout_basic, basic_altar, uniq_sigmund
D:3:      layout_basic, uniq_robin
D:4:      layout_cave_pools, amethyst_overflow_temple_binary, minivault_24
D:5:      layout_basic, minmay_temple_entry_tees, lemuel_flame_loot_1,
          uniq_duvessa
Temple:   mainiacjoe_temple_coin_purse

Skill      XL: |  1  2  3  4  5  6  7  8 |
---------------+-------------------------+-----
Fighting       | 3 6 7 |  7.0
Long Blades    | 6 8 9 |  9.9
Throwing       | |  2.0
Dodging        | |  4.0

Action                   |  1- 3 |  4- 6 |  7- 9 || total
-------------------------+-------+-------+-------++-------
Melee: Long sword        |    86 |   131 |   179 ||   396
       Punch             |     1 |     1 |     1 ||     3
Evoke: Wand              |       |       |     4 ||     4
  Use: Scroll            |     7 |     4 |     1 ||    12
       Potion            |     1 |       |     4 ||     5
Armor: Leather armour    |     2 |       |       ||     2
       Ring mail         |    15 |     2 |       ||    17
       Scale mail        |       |    50 |   104 ||   154
Dodge: Dodged            |    61 |    97 |   151 ||   309

Table legend: (Time is in decaauts)
 A = Elapsed time spent in this place.
 B = Non-inter-level travel time spent in this place.
 C = Inter-level travel time spent in this place.
 D = Time resting spent in this place.
 E = Time spent auto-exploring this place.
 F = Levels seen in this place.
 G = Mean time per level.
                   A        B        C        D        E       F      G
               +--------+--------+--------+--------+--------+-----+--------+
         Total |   6262 |   6171 |     91 |   2016 |   2983 |   6 | 1043.7 |
       Dungeon |   5818 |   5738 |     80 |   1779 |   2826 |   5 | 1163.6 |
        Temple |    444 |    433 |     11 |    237 |    157 |   1 |  444.0 |
               +--------+--------+--------+--------+--------+-----+--------+

Top non-repeatable levels by time:
     D:3: 1961 daAuts
     D:4: 1443 daAuts
     D:1: 1222 daAuts
     D:2: 1028 daAuts
  Temple: 444 daAuts
     D:5: 163 daAuts
